 Dungeon Crawl Stone Soup version 0.30-a0-643-g638baaf3f0 (webtiles) character file.

Game seed: 18246501302712157581

19735 Citaku the Protected (level 12, -4/108 HPs)
             Began as a Minotaur Fighter on Jan 16, 2023.
             Was an Initiate of Gozag.
             Slain by Rupert
             ... wielding a +3 heavy executioner's axe
              (23 damage)
             ... on level 12 of the Dungeon.
             The game lasted 00:25:32 (15437 turns).

Citaku the Protected (Minotaur Fighter)            Turns: 15437, Time: 00:25:32

Health: -4/108     AC: 22    Str: 34    XL:     12   Next: 39%
Magic:  11/11      EV:  8    Int:  9    God:    Gozag
Gold:   884        SH: 12    Dex: 15    Spells: 11/11 levels left

rFire   + . .      SeeInvis .    K - +8 flail of Fimbulwinter {spect, Will+++ Str-3 Dex+4}
rCold   . . .      Faith    .    c - +0 buckler
rNeg    . . .      Spirit   .    i - +2 plate armour {rF+}
rPois   .          Reflect  +    (helmet restricted)
rElec   +          Harm     .    (no cloak)
rCorr   .          Rampage  .    A - +2 pair of gloves
Will    ++++.                    (no boots) Stlth
                                 f - amulet of reflection
HPRegen 0.38/turn                a - ring "Genoew" {rElec Will+ Str+6 Int+4 Slay+2}
MPRegen 0.12/turn                J - +6 ring of strength

@: no status effects
A: horns 2, retaliatory headbutt
a: Renounce Religion, Potion Petition, Call Merchant, Bribe Branch


You were on level 12 of the Dungeon.
You worshipped Gozag.
Gozag was pleased with you.
You visited 3 branches of the dungeon, and saw 15 of its levels.

You collected 2673 gold pieces.
You spent 1678 gold pieces at shops.
You paid 111 gold pieces to Gozag.

Inventory:

Hand Weapons
 b - a +0 vampiric war axe
 K - the +8 flail of Fimbulwinter (weapon) {spect, Will+++ Str-3 Dex+4}
   (You found it on level 6 of the Dungeon)

   Str:       It affects your strength (-3).
   Dex:       It affects your dexterity (+4).
   Will:      It greatly increases your willpower.
Missiles
 o - 6 silver javelins (quivered)
 D - 6 javelins
Armour
 c - a +0 buckler (worn)
 i - a +2 plate armour of fire resistance (worn)
 A - a +2 pair of gloves (worn)
Jewellery
 a - the ring "Genoew" (left hand) {rElec Will+ Str+6 Int+4 Slay+2}
   (You bought it in a shop on level 2 of the Orcish Mines)

   [ring of strength]

   Str:       It affects your strength (+6).
   Int:       It affects your intelligence (+4).
   Slay:      It affects your accuracy & damage with ranged weapons and melee
   (+2).
   rElec:     It insulates you from electricity.
   Will:      It increases your willpower.
 f - an amulet of reflection (around neck)
 J - a +6 ring of strength (right hand)
Wands
 y - a wand of digging (1)
 G - a wand of flame (20)
 I - a wand of roots (3)
 M - a wand of mindburst (17)
Scrolls
 g - 5 scrolls of fog
 m - 2 scrolls of immolation
 n - 3 scrolls of noise
 q - 4 scrolls of teleportation
 r - 3 scrolls of enchant armour
 s - a scroll of enchant weapon
 t - a scroll of brand weapon
 x - a scroll of fear
 C - 3 scrolls of amnesia
Potions
 h - 5 potions of mutation
 l - 6 potions of curing
 p - 2 potions of attraction
 v - 2 potions of flight
 E - 3 potions of brilliance
 F - a potion of magic
 H - a potion of ambrosia


   Skills:
 + Level 10.8 Fighting
 * Level 14.4 Axes
 * Level 14.7 Armour
 + Level 10.7 Shields


You had 11 spell levels left.
You didn't know any spells.
Your spell library contained the following spells:

 Spells                   Type           Power      Damage    Failure   Level
 Apportation              Tloc           0%         N/A       92%         1
 Kiss of Death            Conj/Necr      0%         2d5       92%         1
 Blink                    Tloc           0%         N/A       98%         2
 Confusing Touch          Hex            0%         N/A       100%        3
 Ignite Poison            Fire/Tmut/Pois 0%         N/A       100%        3
 Dispel Undead            Necr           0%         3d6       100%        4
 Manifold Assault         Tloc           0%         N/A       100%        4
 Sticky Flame             Conj/Fire      0%         2d3       100%        4
 Alistair's Intoxication  Tmut/Pois      0%         N/A       100%        5
 Storm Form               Tmut/Air       0%         N/A       100%        7
 Ignition                 Fire           0%         3d3       100%        8


Dungeon Overview and Level Annotations

Branches:
Dungeon (12/15)            Temple (1/1) D:7            Lair (0/5) D:9
    Orc (2/2) D:11            Elf (0/3) Orc:2

Altars:
Ashenzari
Cheibriados
Dithmenos
Elyvilon
Fedhas
Gozag
Hepliaklqana
Kikubaaqudgha
Makhleb
Nemelex Xobeh
Okawaru
Qazlal
Ru
Sif Muna
Trog
Uskayaw
Vehumet
Wu Jian
Xom
Yredelemnul
Zin
The Shining One

Shops:
D:7 [*   D:10 [   D:11 [   Orc:1 ::   Orc:2 =[(*

Annotations:
D:12 Rupert
Orc:1 4 transporters
Orc:2 3 runed translucent doors, Decipherer's ghost, journeyman MiBe


Innate Abilities, Weirdness & Mutations

You have a pair of horns on your head.
You reflexively headbutt those who attack you in melee.


Message History

Deactivating autopickup; reactivate with Ctrl-A.
You barely miss something. You headbutt something! Something hits you.
You barely miss Rupert. You headbutt Rupert.
Rupert is lightly wounded.
Rupert hits you with a +3 heavy executioner's axe!
You hit Rupert.
Rupert is lightly wounded.
You hit Rupert but do no damage.
Rupert is lightly wounded.
Rupert hits you with a +3 heavy executioner's axe.
You barely miss Rupert. You headbutt Rupert.
Rupert is lightly wounded.
You thump Rupert! Your headbutt misses Rupert.
Rupert is moderately wounded.
Rupert roars madly and goes into a rage!
Rupert goes berserk!
You barely miss Rupert.
Rupert is moderately wounded.
Rupert hits you with a +3 heavy executioner's axe!!!
You bludgeon Rupert!!
Rupert is moderately wounded.
You block Rupert's attack.
You hit Rupert but do no damage. Your headbutt misses Rupert.
Rupert is moderately wounded.
You block Rupert's attack.
You barely miss Rupert. You headbutt Rupert!
Rupert is moderately wounded.
Rupert hits you with a +3 heavy executioner's axe!!!
* * * LOW HITPOINT WARNING * * *
You sock Rupert! You headbutt Rupert.
Rupert is heavily wounded.
You block Rupert's attack.
You thump Rupert! Your headbutt misses Rupert.
Rupert is heavily wounded.
You block Rupert's attack. x2
You sock Rupert! Your headbutt misses Rupert.
Rupert is severely wounded.
Rupert hits you with a +3 heavy executioner's axe!!
You die...
Your body crumbles into a pile of gold.

*,,,,,,,* ********
#.......# ***,,,,,,,
#.......#****,+,,,,,,,
*.......#,,,,,*,,,,,,,
*,......#,*****<,,,,,,
*,,.....+,* *,,,,,,,
*,,,.{.,*** *****+**
****#@#** *,* #@# *,*
#.# **,* #.# *,,*
####'### ######+###
#......# #.........
#......#####.........
*##...[.'..##.........
*,#.....##..#.........
****###...###.'.........


You could see Rupert (berserk).

Vanquished Creatures
  2 orc warlords
  2 ettins
  2 two-headed ogres
  2 orc high priests (Orc:2)
  A wizard (D:10)
  3 orc knights
  Pikel (D:9)
  2 orc sorcerers
  2 manticores (D:11)
  An ugly thing (D:11)
  A cyclops (D:11)
  2 komodo dragons
  5 trolls
  Grinder (D:5)
  A wyvern (D:10)
  2 shadows
  3 yaks (D:11)
  5 wargs
  4 water moccasins
  24 orc warriors
  4 ice beasts
  3 black bears
  3 centaurs
  6 ogres
  A kobold brigand (D:7)
  A lemure (D:9)
  2 bullfrogs
  A necrophage (D:6)
  2 scorpions
  3 wights (D:8)
  14 killer bees
  2 electric eels (D:8)
  2 howler monkeys (D:9)
  A crimson imp (D:10)
  A hound (D:5)
  15 orc priests
  Jessica (D:3)
  A gnoll bouda (D:6)
  6 iguanas
  17 orc wizards
  Ijyb (D:5)
  11 gnolls
  6 adders
  2 shadow imps
  A worm (D:2)
  A dart slug (D:3)
  76 orcs
  3 bats
  10 endoplasms
  6 giant cockroaches
  5 hobgoblins
  2 quokkas
  7 ball pythons
  4 frilled lizards
  4 goblins
  5 kobolds
  7 rats
303 creatures vanquished.

Vanquished Creatures (others)
  2 fungi (D:5)
2 creatures vanquished.

Grand Total: 305 creatures vanquished

Notes
Turn   | Place    | Note
-------+----------+-------------------------------------------
     0 | D:1      | Citaku the Minotaur Fighter began the quest for the Orb.
     0 | D:1      | Reached XP level 1. HP: 19/19 MP: 0/0
   124 | D:1      | Reached XP level 2. HP: 27/27 MP: 1/1
   466 | D:1      | Found a faded altar of an unknown god.
   705 | D:2      | Reached XP level 3. HP: 33/33 MP: 2/2
  1111 | D:3      | Found a radiant altar of Vehumet.
  1221 | D:3      | Noticed Jessica
  1225 | D:3      | Killed Jessica
  1226 | D:3      | Reached XP level 4. HP: 40/40 MP: 3/3
  1351 | D:3      | Noticed a scorpion
  1359 | D:3      | Killed a scorpion
  1360 | D:3      | Reached skill level 5 in Armour
  1360 | D:3      | Reached XP level 5. HP: 45/47 MP: 4/4
  1915 | D:4      | Found a burning altar of Makhleb.
  1944 | D:4      | Found a sparkling altar of Nemelex Xobeh.
  1982 | D:4      | Noticed a black bear
  1994 | D:4      | Killed a black bear
  1995 | D:4      | Reached skill level 5 in Axes
  1995 | D:4      | Reached XP level 6. HP: 26/55 MP: 5/5
  2134 | D:4      | Found an iron altar of Okawaru.
  2235 | D:4      | Found a white marble altar of Elyvilon.
  2299 | D:4      | Reached skill level 5 in Fighting
  2633 | D:4      | Found an ancient bone altar of Kikubaaqudgha.
  2826 | D:5      | Entered Level 5 of the Dungeon
  2860 | D:5      | Reached skill level 5 in Shields
  2860 | D:5      | Reached XP level 7. HP: 61/61 MP: 6/6
  2914 | D:5      | Found a broken altar of Ashenzari.
  3000 | D:5      | You fall into a shaft and drop 2 floors!
  3382 | D:5      | Noticed Grinder
  3413 | D:5      | Killed Grinder
  3539 | D:5      | Found a glowing silver altar of Zin.
  3544 | D:5      | Reached XP level 8. HP: 70/70 MP: 7/7
  4153 | D:5      | Noticed Ijyb
  4160 | D:5      | Killed Ijyb
  5255 | D:6      | Found a hide-covered altar of Uskayaw.
  5307 | D:6      | Identified the +8 flail of Fimbulwinter {spect, Will+++
                  | Str-3 Dex+4}
  5644 | D:7      | Found Vufann's Assorted Antiques.
  5669 | D:7      | Bought a pair of glowing gloves for 142 gold pieces
  5788 | D:7      | Reached XP level 9. HP: 72/78 MP: 8/8
  5917 | D:7      | Found a staircase to the Ecumenical Temple.
  5972 | Temple   | Entered the Ecumenical Temple
  6132 | Temple   | Became a worshipper of Gozag Ym Sagoz the Greedy
  6561 | D:7      | Found Ulash's Armour Shoppe.
  7263 | D:8      | Reached skill level 10 in Armour
  7529 | D:8      | Reached skill level 10 in Axes
  7878 | D:9      | Noticed a troll
  7883 | D:9      | Killed a troll
  7983 | D:9      | Noticed Pikel
  7989 | D:9      | Killed Pikel
  7990 | D:9      | Reached XP level 10. HP: 88/88 MP: 9/9
  8036 | D:9      | Found a staircase to the Lair.
  8361 | D:10     | Entered Level 10 of the Dungeon
  8400 | D:10     | Found Miunlui's Antique Armour Shop.
  8504 | D:10     | Noticed a wizard
  8513 | D:10     | Killed a wizard
  9662 | D:11     | Noticed a cyclops
  9666 | D:11     | Killed a cyclops
 10026 | D:11     | Found Ruwyebebb's Armour Shop.
 10032 | D:11     | Noticed a two-headed ogre
 10042 | D:11     | Killed a two-headed ogre
 10217 | D:11     | Noticed a cyan ugly thing
 10223 | D:11     | Killed a cyan ugly thing
 10224 | D:11     | Reached XP level 11. HP: 62/97 MP: 10/10
 10365 | D:11     | Found a staircase to the Orcish Mines.
 10774 | Orc:1    | Entered Level 1 of the Orcish Mines
 11262 | Orc:1    | Found Jaraosk's Book Shop.
 11576 | Orc:1    | Found Wakhorr's Vocational Training.
 11789 | Orc:2    | Entered Level 2 of the Orcish Mines
 11789 | Orc:2    | Noticed a two-headed ogre
 11789 | Orc:2    | Found a staircase to the Elven Halls.
 11829 | Orc:2    | Killed a two-headed ogre
 11829 | Orc:2    | Noticed an orc high priest
 11948 | Orc:2    | Killed an orc high priest
 12086 | Orc:2    | Noticed an ettin
 12580 | Orc:2    | Noticed an orc knight
 12593 | Orc:2    | Killed an orc knight
 12613 | Orc:2    | Noticed an orc high priest
 12771 | Orc:2    | Noticed an orc warlord
 12775 | Orc:2    | Noticed an orc knight
 12780 | Orc:2    | Killed an orc high priest
 12781 | Orc:2    | Reached skill level 10 in Fighting
 12781 | Orc:2    | Reached skill level 10 in Shields
 12781 | Orc:2    | Noticed an orc sorcerer
 12956 | Orc:1    | Killed an orc knight
 13184 | Orc:1    | Killed an orc sorcerer
 13420 | Orc:2    | Killed an orc warlord
 13421 | Orc:2    | Reached XP level 12. HP: 26/107 MP: 11/11
 14367 | Orc:2    | Found Orhatutu's Jewellery Shop.
 14405 | Orc:2    | Bought the ring "Genoew" {rElec Will+ Str+6 Int+4 Slay+2}
                  | for 1086 gold pieces
 14405 | Orc:2    | Bought an amulet of reflection for 450 gold pieces
 14421 | Orc:2    | Found Wuupn's Antique Armour Shop.
 14498 | Orc:2    | Found a runed translucent gate.
 14498 | Orc:2    | Found a runed translucent gate.
 14500 | Orc:2    | Found a runed translucent gate.
 14503 | Orc:2    | Noticed a minotaur
 14503 | Orc:2    | Noticed a centaur warrior
 14503 | Orc:2    | Noticed a merfolk javelineer
 14504 | Orc:2    | Noticed a centaur warrior
 14504 | Orc:2    | Noticed Decipherer's ghost (journeyman MiBe)
 14505 | Orc:2    | Noticed a tengu warrior
 14556 | Orc:2    | Noticed an ettin
 14560 | Orc:2    | Killed an ettin
 14593 | Orc:2    | Found Gemublah's Antique Weapon Shop.
 14643 | Orc:2    | Found Zowaown's General Store.
 14675 | Orc:2    | Found an iron altar of Okawaru.
 14791 | Orc:1    | Noticed an orc warlord
 14793 | Orc:1    | Found an ornate altar of the Wu Jian Council.
 14793 | Orc:1    | Found a transporter.
 14813 | Orc:1    | Killed an orc warlord
 15036 | Orc:1    | Found a transporter.
 15043 | Orc:1    | Found a transporter.
 15069 | Orc:1    | Found a transporter.
 15070 | Orc:1    | Found an ornate altar of the Wu Jian Council.
 15070 | Orc:1    | Noticed an orc warlord
 15207 | Orc:1    | Killed an ettin
 15424 | D:12     | Noticed Rupert
 15437 | D:12     | Slain by Rupert

Illustrated notes

Levels and vault maps discovered:
D:1:      shiori_shiawase, layout_loops_ring,
          dreamdust_ecumenical_altar_angels_and_demons
D:2:      cheibrodos_old_hovel, layout_basic, serial_curves, eino_curves_04,
          eino_curves_04
D:3:      layout_loops_cross, mainiacjoe_overflow_cross_hatched, uniq_jessica
D:4:      layout_cave_pods, lightli_temple_of_fire, okawaru_metal_pillars_1_2,
          nicolae_elyvilon_peaceful_grove, kiku_gazebo_garden_becter,
          mainiacjoe_overflow_six_doors_small
D:5:      layout_loops_corners, evilmike_ruin_ashenzari,
          mainiacjoe_overflow_catwalk, serial_aquarium,
          aquarium_bridge_long_joined [aquarium_subvault_bridge,
          aquarium_subvault_balcony, aquarium_subvault_bridge,
          aquarium_subvault_wall, aquarium_subvault_bridge,
          aquarium_subvault_balcony], aquarium_window_fake, aquarium_window_1,
          aquarium_window_fake, aquarium_window_corner, aquarium_view_2e,
          aquarium_pool_side, uniq_grinder, uniq_ijyb
D:6:      layout_loops_ring, nicolae_uskayaw_suspiria, kennysheep_generic_room_8
D:7:      layout_basic, minmay_temple_entry_trees, serial_shops,
          kennysheep_mini, shop
D:8:      layout_basic, minmay_misc_feat_secret_circle
D:9:      layout_basic, lair_entry_dummy, nicolae_underground_beach, uniq_pikel
D:10:     layout_basic, serial_shops, nicolae_shop_overgrown_old_shop,
          lightli_wizard_tower
D:11:     layout_stronghold, orc_0_dummy, serial_shops,
          nicolae_shop_behind_doors
D:12:     layout_roguey, gammafunk_ghost_cemetery, makhleb_altar_promises_db,
          uniq_azrael, uniq_rupert, uniq_nergalle, uniq_kirke
Temple:   oiseaux_autumnal_temple
Orc:1:    dreamdust_wu_jian_sword_trials, layout_diamond_mine, serial_shops,
          nicolae_shop_advertising_works [nicolae_subvault_shop_adworks],
          nicolae_shop_vocational
Orc:2:    grunt_orc_cross, layout_caves, gammafunk_ghost_fury_of_okawaru

Skill      XL: |  1  2  3  4  5  6  7  8  9 10 11 12 |
---------------+-------------------------------------+-----
Armour         | 4 5 6 7 9 10 12 14 | 14.7
Axes           | 3 4 5 6 8 10 12 13 14 | 14.4
Fighting       | 4 5 6 7 9 10 | 10.8
Shields        | 4 5 6 8 9 10 | 10.7

Action                   |  1- 3 |  4- 6 |  7- 9 | 10-12 || total
-------------------------+-------+-------+-------+-------++-------
Melee: War axe           |    84 |    69 |   200 |       ||   353
       Headbutt          |     7 |    13 |    43 |    63 ||   126
       Flail             |       |       |    83 |   281 ||   364
  Use: Potion            |       |       |     1 |    16 ||    17
       Scroll            |       |       |       |    26 ||    26
 Stab: Distracted        |       |       |     1 |     2 ||     3
Armor: Scale mail        |    31 |    41 |   110 |    12 ||   194
       Plate armour      |       |       |       |   105 ||   105
Dodge: Dodged            |    43 |    50 |    95 |    85 ||   273
Block: Buckler           |    14 |    14 |    52 |    93 ||   173

Table legend: (Time is in decaauts)
 A = Elapsed time spent in this place.
 B = Non-inter-level travel time spent in this place.
 C = Inter-level travel time spent in this place.
 D = Time resting spent in this place.
 E = Time spent auto-exploring this place.
 F = Levels seen in this place.
 G = Mean time per level.
                   A        B        C        D        E       F      G
               +--------+--------+--------+--------+--------+-----+--------+
         Total |  15571 |  15170 |    401 |   2796 |   9728 |  15 | 1038.1 |
       Dungeon |  10897 |  10581 |    316 |    770 |   8412 |  12 |  908.1 |
        Temple |    316 |    316 |      0 |      0 |    238 |   1 |  316.0 |
  Orcish Mines |   4357 |   4273 |     84 |   2026 |   1077 |   2 | 2178.5 |
               +--------+--------+--------+--------+--------+-----+--------+

Top non-repeatable levels by time:
   Orc:1: 3062 daAuts
     D:6: 1498 daAuts
    D:11: 1439 daAuts
     D:5: 1343 daAuts
   Orc:2: 1295 daAuts
    D:10: 1235 daAuts
     D:7: 1041 daAuts
     D:4: 977 daAuts
     D:8: 883 daAuts
     D:3: 778 daAuts
     D:1: 669 daAuts
     D:9: 507 daAuts
     D:2: 452 daAuts
  Temple: 316 daAuts
    D:12: 69 daAuts
